 Dungeon Crawl Stone Soup version 0.17.1-3-g152610e (webtiles) character file.

52943 Locuples the Severer (level 14, -2/130 HPs)
             Began as a Minotaur Fighter on Apr 13, 2016.
             Was a High Priest of the Shining One.
             Splashed with acid (23 damage)
             ... on level 6 of the Lair of Beasts on Apr 18, 2016.
             The game lasted 01:27:02 (20706 turns).

Locuples the Severer (Minotaur Fighter)            Turns: 20706, Time: 01:27:02

Health: -2/130     AC: 25    Str: 30    XL:     14   Next: 29%
Magic:  11/11      EV:  8    Int:  5    God:    the Shining One [*****.]
Gold:   1375       SH: 14    Dex:  9    Spells: 0 memorised, 13 levels left

rFire  . . .     SeeInvis .     l - +6 war axe (holy)
rCold  . . .     Clarity  .     F - +5 plate armour {MR+}
rNeg   + + .     SustAt   .     c - +0 shield
rPois  +         Gourm    .     O - +0 hat
rElec  .         Spirit   .     q - +0 cloak
rCorr  .         Warding  .     u - +0 pair of gloves
rMut   .         Stasis   .     D - +0 pair of boots
MR     +++..                    (no amulet)
Stlth  ..........               I - ring of protection from magic
                                P - ring of poison resistance

@: mighty, glowing, extremely resistant to hostile enchantments, extremely
unstealthy
A: retaliatory headbutt, horns 2, talons 1, clumsy 1, low mp 1
a: Divine Shield, Cleansing Flame, Summon Divine Warrior, Renounce Religion


You were on level 6 of the Lair of Beasts.
You worshipped the Shining One.
The Shining One was extremely pleased with you.
You were not hungry.

You visited 4 branches of the dungeon, and saw 22 of its levels.
You also visited: Labyrinth and Bailey.

You collected 1375 gold pieces.

Inventory:

Hand Weapons
 i - a +2 hand axe of flaming
 l - a +6 war axe of holy wrath (weapon)
Armour
 c - a +0 shield (worn)
 q - a +0 cloak (worn)
 u - a +0 pair of gloves (worn)
 D - a +0 pair of boots (worn)
 F - a +5 plate armour of magic resistance (worn)
 O - a +0 hat (worn)
Jewellery
 w - an uncursed ring of flight
 I - a ring of protection from magic (right hand)
 J - an uncursed ring of positive energy
 P - a ring of poison resistance (left hand)
Wands
 o - a wand of digging (0)
 y - a wand of fire (10)
 H - a wand of paralysis (15)
 L - a wand of magic darts (33)
 N - a wand of slowing (24)
 T - a wand of polymorph (19)
 W - a wand of polymorph (18)
Scrolls
 f - 13 scrolls of teleportation
 g - 6 scrolls of blinking
 h - 13 scrolls of remove curse
 j - 2 scrolls of enchant armour
 k - 2 scrolls of recharging
 n - 2 scrolls of fog
 r - a scroll of identify
 s - a scroll of noise {unknown}
 v - a scroll of holy word {unknown}
 C - 2 scrolls of magic mapping
 M - 3 scrolls of summoning
 Q - a scroll of acquirement {unknown}
 S - 2 scrolls of fear {unknown}
Potions
 a - a potion of might
 p - a potion of lignification
 z - 8 potions of curing
 A - a potion of brilliance
 B - 3 potions of flight
 K - a potion of magic
 X - a potion of resistance
Comestibles
 b - 9 slices of pizza
 d - 4 beef jerkies
 e - 11 bread rations
 m - 12 meat rations


   Skills:
 + Level 13.8 Fighting
 + Level 18.1 Axes
 + Level 12.6 Armour
 + Level 1.6 Dodging
 + Level 14.1 Shields


You had 13 spell levels left.
You didn't know any spells.

Dungeon Overview and Level Annotations

Branches:
Dungeon (12/15)            Temple (1/1) D:6            Lair (8/8) D:8
 Shoals (0/4) Lair:3        Snake (0/4) Lair:4        Slime (1/6) Lair:6
    Orc (0/4) D:12

Altars:
Ashenzari
Cheibriados
Dithmenos
Elyvilon
Fedhas
Gozag
Kikubaaqudgha
Makhleb
Nemelex Xobeh
Okawaru
Qazlal
Ru
Sif Muna
Trog
Vehumet
Xom
Yredelemnul
Zin
The Shining One


Innate Abilities, Weirdness & Mutations

You reflexively headbutt those who attack you in melee.
You have a pair of horns on your head.
You have sharp toenails.
You are clumsy. (Dex -2)
Your magical capacity is low (-10% MP).


Message History

You block the slime creature's attack.
Two slime creatures merge to form a large slime creature.
The jelly hits you but does no damage. You block the azure jelly's attack.
The azure jelly hits you but does no damage.
The azure jelly hits you. x2
There is a staircase back to the Lair, spattered with blood here.
You can't go down here!
You block the jelly's attack.
A large slime creature splits.
The azure jelly hits you. The azure jelly freezes you!!
You block the azure jelly's attack.
The azure jelly hits you but does no damage. x2
You climb upwards.
Welcome back to the Lair of Beasts!
The eye of draining turns its gaze towards you.
There is a staircase to the Slime Pits here.
The walls burn you!
* * * LOW HITPOINT WARNING * * *
Drink which item? (? for menu, Esc to quit)
You feel very mighty all of a sudden. The walls burn you!
You die...

### ##J## #@J.####
#GJJ...#
#.#.#..####
####......###
##....##..#.### ###
#.........#...###..
#.#..#.............
#.##..#..........#P
#######...####.....


You could see an azure jelly, 2 slime creatures, an eye of draining and a jelly.

Vanquished Creatures
  Maud (D:12)
  An angel (D:10)
  5 dire elephants (Lair:8)
  A minotaur (Lab)
  5 hydras
  Harold (D:11)
  An anaconda (Lair:8)
  An unseen horror (Lab)
  4 hill giants
  9 elephants (Lair:8)
  Joseph (D:8)
  3 black mambas (Lair:8)
  A gargoyle (D:11)
  The ghost of Locuples the Slasher, a novice DsGl (D:6)
  2 centaur skeletons
  6 komodo dragons
  17 spiny frogs
  4 fire drakes
  A troll (D:10)
  A boulder beetle (Lair:7)
  18 blink frogs
  A wyvern (D:9)
  2 spriggans (Lair:7)
  32 yaks
  A steam dragon (D:8)
  6 hippogriffs
  Eustachio (D:6)
  6 basilisks
  A wraith (D:10)
  3 fire bats (Lair:6)
  2 hungry ghosts (Lab)
  4 nagas (Lair:4)
  7 wolves
  5 porcupines
  13 water moccasins
  2 eyes of draining
  Duvessa (D:7)
  6 sky beasts
  3 ice beasts
  6 ogres
  7 orc warriors
  3 phantoms
  6 necrophages
  8 centaurs
  A black bear (D:8)
  4 big kobolds
  11 crocodiles
  2 wyvern zombies
  19 giant frogs
  Dowan (D:7)
  A wyvern skeleton (D:8)
  7 scorpions
  11 wights
  2 troll skeletons (Lab)
  A spriggan skeleton (Lab)
  5 jellies
  4 hounds
  3 electric eels
  A quasit (D:9)
  3 centaur zombies
  8 crimson imps
  Crazy Yiuf (D:6)
  A giant frog skeleton (D:6)
  2 giant frog zombies
  7 orc priests
  6 orc wizards
  Terence (D:2)
  8 iguanas
  8 worker ants
  10 sheep
  2 killer bee zombies
  An ogre skeleton (Lab)
  A hound skeleton (D:4)
  3 mummies (D:9)
  5 gnolls
  4 shadow imps
  11 adders
  73 river rats
  A worm (D:3)
  2 adder zombies
  5 giant geckos
  44 orcs
  A ball python (D:1)
  2 giant cockroaches
  5 goblins
  5 hobgoblins
  15 jackals
  2 quokkas
  A ball python skeleton (D:5)
  8 bats
  7 giant newts
  13 kobolds
  10 rats
  20 fungi
  29 plants
608 creatures vanquished.

Vanquished Creatures (others)
  A bush (D:12)
  16 fungi (Lair:8)
  26 plants
43 creatures vanquished.

Grand Total: 651 creatures vanquished

Notes
Turn   | Place    | Note
--------------------------------------------------------------
     0 | D:1      | Locuples the Minotaur Fighter began the quest for the Orb.
     0 | D:1      | Reached XP level 1. HP: 19/19 MP: 0/0
    79 | D:1      | Reached XP level 2. HP: 24/27 MP: 1/1
   275 | D:1      | Reached skill level 4 in Armour
   710 | D:1      | Reached XP level 3. HP: 33/33 MP: 2/2
  1290 | D:2      | Noticed Terence
  1303 | D:2      | Killed Terence
  1303 | D:2      | Reached XP level 4. HP: 40/40 MP: 3/3
  1377 | D:3      | Reached XP level 5. HP: 37/47 MP: 4/4
  1855 | D:4      | Reached skill level 5 in Axes
  1933 | D:4      | Reached skill level 5 in Shields
  2001 | D:4      | Reached XP level 6. HP: 55/55 MP: 5/5
  2105 | D:4      | Noticed an ogre
  2113 | D:4      | Killed an ogre
  2113 | D:4      | Reached skill level 5 in Fighting
  2266 | D:4      | Reached skill level 6 in Axes
  2604 | D:5      | Entered Level 5 of the Dungeon
  2647 | D:5      | Reached XP level 7. HP: 55/61 MP: 6/6
  2718 | D:5      | Found a shattered altar of Ashenzari.
  2863 | D:5      | Reached skill level 7 in Axes
  3002 | D:5      | Reached skill level 5 in Armour
  3495 | D:6      | Noticed Crazy Yiuf
  3500 | D:6      | Killed Crazy Yiuf
  3633 | D:6      | Reached XP level 8. HP: 44/69 MP: 7/7
  3635 | D:6      | Reached skill level 8 in Axes
  3637 | D:6      | Noticed Locuples's ghost (novice DsGl)
  3650 | D:6      | Killed Locuples's ghost
  3719 | D:6      | Reached skill level 9 in Axes
  3792 | D:6      | Noticed Eustachio
  3810 | D:6      | Killed Eustachio
  4264 | D:6      | Found a staircase to the Ecumenical Temple.
  4270 | D:6      | Reached skill level 10 in Axes
  4270 | D:6      | Reached XP level 9. HP: 73/78 MP: 8/8
  4277 | Temple   | Entered the Ecumenical Temple
  4294 | Temple   | Became a worshipper of the Shining One
  4775 | D:7      | Noticed Duvessa
  4775 | D:7      | Noticed Dowan
  4781 | D:7      | Killed Duvessa
  4803 | D:7      | Killed Dowan
  5318 | D:8      | Reached skill level 11 in Axes
  5642 | D:8      | Found a staircase to the Lair.
  5679 | D:8      | Reached * piety under the Shining One
  5751 | D:8      | Found a deep blue altar of Sif Muna.
  6027 | D:8      | Reached XP level 10. HP: 45/88 MP: 9/9
  6054 | D:8      | Noticed a three-headed hydra
  6061 | D:8      | Killed a one-headed hydra
  6211 | D:8      | Noticed Joseph
  6217 | D:8      | Paralysed by Joseph for 7 turns
  6239 | D:8      | Killed Joseph
  6253 | D:8      | Reached skill level 12 in Axes
  6254 | D:8      | Found a white marble altar of Elyvilon.
  6312 | D:8      | Found an iron altar of Okawaru.
  7256 | D:9      | Found a flagged portal.
  7275 | Bailey   | Entered a bailey
  7311 | Bailey   | Reached ** piety under the Shining One
  7324 | Bailey   | Reached skill level 10 in Shields
  7414 | Bailey   | Found a bloodstained altar of Trog.
  8115 | D:10     | Entered Level 10 of the Dungeon
  8133 | D:10     | Found a glowing silver altar of Zin.
  8135 | D:10     | Found a runed door.
  8135 | D:10     | Noticed an angel
  8274 | D:10     | Killed an angel
  8274 | D:10     | Reached XP level 11. HP: 35/97 MP: 10/10
  8679 | D:10     | Reached skill level 13 in Axes
  8871 | D:10     | Reached *** piety under the Shining One
  8873 | D:10     | Noticed a hill giant
  8884 | D:10     | Killed a hill giant
  9228 | D:11     | Noticed Harold
  9250 | D:11     | Reached skill level 10 in Fighting
  9251 | D:11     | Killed Harold
  9269 | D:11     | Noticed a hill giant
  9278 | D:11     | HP: 1/99 [orc priest/divine providence (16)]
  9281 | D:11     | Killed a hill giant
  9286 | D:11     | Reached skill level 14 in Axes
  9491 | D:11     | Noticed a hill giant
  9506 | D:11     | Killed a hill giant
  9870 | D:11     | Noticed a four-headed hydra
  9882 | D:11     | Killed a one-headed hydra
  9882 | D:11     | Reached skill level 10 in Armour
 10281 | D:11     | Reached **** piety under the Shining One
 10379 | D:12     | Found a labyrinth entrance.
 10386 | Lab      | Entered a labyrinth
 10684 | Lab      | Noticed an unseen horror
 10688 | Lab      | Reached XP level 12. HP: 108/108 MP: 11/11
 10690 | Lab      | Killed an unseen horror
 10951 | Lab      | Noticed a minotaur
 10967 | Lab      | Killed a minotaur
 10972 | Lab      | Got a fine tin ring
 11159 | D:12     | Noticed Maud
 11174 | D:12     | Killed Maud
 11174 | D:12     | Reached skill level 15 in Axes
 11237 | D:12     | Identified the ring "Figar" {Fire MP+9} (You found it in a labyrinth)
 11343 | D:12     | Found a staircase to the Orcish Mines.
 11404 | D:12     | Noticed a hill giant
 11411 | D:12     | Killed a hill giant
 11651 | Lair:1   | Entered Level 1 of the Lair of Beasts
 12261 | Lair:1   | Gained mutation: You have sharp toenails. [potion of mutation]
 12261 | Lair:1   | Gained mutation: Your magical capacity is low (-10% MP). [potion of mutation]
 12261 | Lair:1   | Gained mutation: You are clumsy. (Dex -2) [potion of mutation]
 12759 | Lair:1   | Identified the Almanac of Arcane Weapons and the Mountains
 13801 | Lair:2   | Reached skill level 16 in Axes
 14205 | Lair:3   | Found a staircase to the Shoals.
 15072 | Lair:4   | Noticed a six-headed hydra
 15082 | Lair:4   | Killed a one-headed hydra
 15082 | Lair:4   | Reached XP level 13. HP: 99/118 MP: 10/10
 15099 | Lair:4   | Found a staircase to the Snake Pit.
 16634 | Lair:6   | Found a staircase to the Slime Pits.
 17379 | Lair:7   | Found a glowing golden altar of the Shining One.
 17932 | Lair:7   | Reached skill level 17 in Axes
 17934 | Lair:7   | Reached ***** piety under the Shining One
 18333 | Lair:8   | Entered Level 8 of the Lair of Beasts
 19284 | Lair:8   | Reached XP level 14. HP: 112/129 MP: 11/11
 19375 | Lair:8   | Reached skill level 1 in Dodging
 20105 | Lair:8   | Reached skill level 18 in Axes
 20692 | Slime:1  | Entered Level 1 of the Pits of Slime
 20692 | Slime:1  | Noticed an azure jelly
 20706 | Lair:6   | Splashed with acid

Action                   |  1- 3 |  4- 6 |  7- 9 | 10-12 | 13-15 || total
-------------------------+-------+-------+-------+-------+-------++-------
Melee: War axe           |    93 |   147 |   264 |   490 |   651 ||  1645
       Hand axe          |       |       |       |   277 |    13 ||   290
Invok: Divine Shield     |       |       |       |       |     1 ||     1
Evoke: Wand              |       |       |       |     3 |     7 ||    10
  Use: Potion            |       |       |     4 |     9 |     6 ||    19
       Scroll            |       |       |    11 |    11 |     8 ||    30
  Eat: Chunk             |       |     5 |    12 |    22 |    13 ||    52
       Fruit             |       |       |       |    10 |     4 ||    14
       Royal jelly       |       |       |       |       |     1 ||     1
